 Dungeon Crawl Stone Soup version 0.28.0 (webtiles) character file.

Game seed: 7661197725679250548

88 tizbic2 the Magician (level 4, -4/33 HPs)
             Began as a Djinni Fire Elementalist on Feb 4, 2022.
             Was an Initiate of Cheibriados.
             Killed by divine providence
             ... invoked by an orc priest
              (11 damage)
             ... on level 3 of the Dungeon.
             The game lasted 00:12:54 (3091 turns).

tizbic2 the Magician (Djinni Fire Elementalist)     Turns: 3091, Time: 00:12:54

Health: -4/33      AC:  5    Str: 10    XL:     4   Next: 82%
Gold:   88         EV: 10    Int: 17    God:    Cheibriados [......] SH:  0 Dex: 15

rFire   + + .      SeeInvis .   c - +2 flail (drain)
rCold   x . .      Faith    .   (no shield)
rNeg    . . .      Spirit   .   f - +0 ring mail
rPois   ∞          Reflect  .   (no helmet)
rElec   .          Harm     .   (no cloak)
rCorr   .          Rampage  .   (no gloves)
Will    .....                   (boots unavailable)
Stlth   ..........              (no amulet)
HPRegen 0.11/turn               (no ring)
MPRegen 0.00/turn               (no ring)

@: confused, flying, very slow
A: sickness immunity, fire resistance 2, cold vulnerability 1, float, innate
caster, HP casting, extra vitality 1
a: Renounce Religion


You were on level 3 of the Dungeon.
You worshipped Cheibriados.
Cheibriados was noncommittal.
You visited 1 branch of the dungeon, and saw 3 of its levels.

You collected 88 gold pieces.

Inventory:

Hand Weapons
 c - a +2 flail of draining (weapon)
 q - a +0 vorpal hunting sling
Missiles
 e - 52 stones (quivered)
Armour
 f - a +0 ring mail (worn)
Scrolls
 a - 2 scrolls of amnesia {unknown}
 h - a scroll of blinking {unknown}
 i - a scroll of identify {unknown}
Potions
 b - a potion of curing {unknown}
 d - a potion of mutation {unknown}
 g - a potion of degeneration {unknown}


   Skills:
 + Level 2.1 Fighting
 + Level 0.0 Armour
 - Level 2.1 Dodging
 - Level 1.5 Stealth
 * Level 3.5 Spellcasting


You couldn't memorise any spells.
You knew the following spells:

 Your Spells              Type           Power      Damage    Failure   Level
a - Foxfire               Conj/Fire      60%        2x1d7     10%         1
b - Scorch                Fire           30%        2d6       16%         2
c - Conjure Flame         Conj/Fire      15%        6-21      30%         3
d - Inner Flame           Hex/Fire       15%        N/A       30%         3
e - Flame Wave            Conj/Fire      15%        2d6       69%         4
f - Freeze                Ice            60%        1d8       10%         1
Your spell library was empty.

Dungeon Overview and Level Annotations

Branches:
Dungeon (3/15)

Altars:
Cheibriados


Innate Abilities, Weirdness & Mutations

You are immune to sickness and miasma.
You are immune to poison.
Your flesh is very heat resistant. (rF++)
You are vulnerable to cold. (rC-)
You float through the air rather than walking.
You learn spells naturally, not from books.
Your magical power is your life essence.
You have superior vitality. (+4 MHP)


Message History

The orc is heavily wounded.
The orc hits you with a +2 whip of electrocution.
You completely miss the orc.
The orc is heavily wounded.
The orc misses you.
You hit the orc.
You kill the orc!
Cheibriados thoroughly appreciates the change of pace.
You hear some strange, mumbled words.
A puff of flame appears from out of thin air!
The puff of flame hits you. You resist.
You closely miss something.
The orc priest looks braver for a moment.
You hear some strange, mumbled words.
You are confused.
The orc priest looks braver for a moment.
You completely miss something. Something hits you.
The orc priest mumbles some strange prayers to Beogh against you.
Beogh smites you!
You bump into the rock wall.
Something hits you.
You're too confused to cast spells.
You bump into the rock wall.
Something hits you.
* * * LOW HITPOINT WARNING * * *
You're too confused to cast spells.
Found a stone staircase leading down.
You hear some strange, mumbled words.
Something tries to affect you, but you resist.
You bump into the rock wall.
You hear some strange, mumbled words.
A puff of flame appears from out of thin air!
The puff of flame hits you. You resist.
* * * LOW HITPOINT WARNING * * *
Found 13 gold pieces.
Found a stone staircase leading up.
You feel less confused.
You hear some strange, mumbled words.
You are confused.
You bump into the rock wall.
The orc priest invokes the aid of Beogh against you.
Beogh smites you!
You die...

.... #.
##...#.########
..............#
.o..o...o.....######
###..#.#o###........
# #.#.# #.#######
#.#o# #.# ..#.# #)#
###@# #.######## #.#
#........# #..
########.# .... #.#
...^. #.### ..>....
#..<# $<...... ###.#
#.......## #§# #.#


You could see an orc priest and 2 orcs.

Vanquished Creatures
  A gnoll (D:1)
  An adder (D:2)
  6 orcs
  A ball python (D:2)
  5 endoplasms
  10 giant cockroaches
  4 goblins
  7 hobgoblins
  3 kobolds
  2 quokkas (D:2)
  8 bats
  4 frilled lizards
  5 rats
57 creatures vanquished.

Vanquished Creatures (others)
  73 foxfires
73 creatures vanquished.

Grand Total: 130 creatures vanquished

Notes
Turn   | Place    | Note
-------+----------+-------------------------------------------
     0 | D:1      | tizbic2 the Djinni Fire Elementalist began the quest for
                  | the Orb.
     0 | D:1      | Reached XP level 1. HP: 15/15 MP: 0/0
   254 | D:1      | Reached XP level 2. HP: 15/22 MP: 0/0
   589 | D:1      | Reached skill level 1 in Fighting
   589 | D:1      | Reached XP level 3. HP: 18/27 MP: 0/0
   589 | D:1      | Learned a level 1 spell: Freeze
   593 | D:1      | Reached skill level 3 in Spellcasting
  1918 | D:2      | Reached XP level 4. HP: 20/32 MP: 0/0
  2859 | D:2      | Found a snail-covered altar of Cheibriados.
  2869 | D:2      | Became a worshipper of Cheibriados the Contemplative
  3091 | D:3      | Killed from afar by an orc priest

Illustrated notes

Levels and vault maps discovered:
D:1:      roderic_chinese_lattice_arrival, layout_basic, minivault_14,
          st_stairs_7, kennysheep_nondescript, minmay_pentomino_r2
D:2:      layout_basic, basic_altar, dk_noncrumbling_4
D:3:      layout_loops_ring, serial_undead, serial_undead_e, serial_undead_a,
          serial_undead_e, serial_undead_a,
          chequers_ecumenical_altar_simple_redux, uniq_grinder

Skill      XL: |  1  2  3  4 |
---------------+-------------+-----
Fighting       | 1 2 |  2.1
Spellcasting   | 3 |  3.5
Dodging        | |  2.1
Stealth        | |  1.5

Action                   |  1- 3 |  4- 6 || total
-------------------------+-------+-------++-------
Melee: Dagger            |    62 |    21 ||    83
       Punch             |     2 |       ||     2
       Flail             |       |    10 ||    10
 Fire: Hunting sling     |       |    10 ||    10
Throw: Stone             |     6 |     5 ||    11
 Cast: Foxfire           |    33 |    15 ||    48
       Scorch            |     5 |     6 ||    11
       Conjure Flame     |     3 |     1 ||     4
       Freeze            |     2 |     5 ||     7
Armor: Robe              |     5 |       ||     5
       Ring mail         |    29 |    21 ||    50
Dodge: Dodged            |    54 |    15 ||    69
